 Dungeon Crawl Stone Soup version 0.27-a0-1281-ge233d83751 (webtiles) character file.

Game seed: 5320868654454694005

245 Delamore the Chopper (level 6, -6/50 HPs)
             Began as a Formicid Fighter on June 14, 2021.
             Was a Believer of Jiyva.
             Mangled by a mummy (12 damage)
             ... in an ossuary.
             The game lasted 00:02:01 (2746 turns).

Delamore the Chopper (Formicid Fighter)             Turns: 2746, Time: 00:02:01

Health: -6/50      AC:  6    Str: 20    XL:     6   Next: 32%
Magic:  6/6        EV:  7    Int: 10    God:    Jiyva [**....]
Gold:   67         SH:  9    Dex: 10    Spells: 5/5 levels left

rFire    . . .     SeeInvis +   a - +0 war axe
rCold    . . .     Faith    +   c - +0 kite shield
rNeg     . . .     Spirit   .   b - +0 scale mail
rPois    .         Reflect  .   (helmet unavailable)
rElec    .         Harm     .   (no cloak)
rCorr    .         Rampage  .   (no gloves)
Will     .....                  (no boots)
Stlth    ..........             f - amulet of faith
HPRegen  0.16/turn              (no ring)
MPRegen  0.10/turn              (no ring)

@: mighty, marked
A: permanent stasis, dig shafts and tunnels, antennae 3, four strong arms
a: Dig, Renounce Religion, Request Jelly


You were in an ossuary.
You worshipped Jiyva.
Jiyva was pleased with you.
You visited 1 branch of the dungeon, and saw 4 of its levels.
You also visited: Ossuary.

You collected 67 gold pieces.

Inventory:

Hand Weapons
 a - a +0 war axe (weapon)
 h - a +1 whip of venom
Armour
 b - a +0 scale mail (worn)
 c - a +0 kite shield (worn)
Jewellery
 f - an amulet of faith (around neck)
Scrolls
 e - a scroll of teleportation
Potions
 i - a potion of resistance {unknown}


   Skills:
 + Level 4.9 Fighting
 * Level 5.2 Axes
 - Level 3.2 Armour
 - Level 3.6 Shields


You had 5 spell levels left.
You didn't know any spells.
Your spell library was empty.

Dungeon Overview and Level Annotations

Branches:
Dungeon (4/15)            Ossuary (1/1)
 Temple: D:4-7

Altars:
Jiyva


Innate Abilities, Weirdness & Mutations

You cannot be hasted, slowed, berserked, paralysed or teleported.
You can dig through walls and to a lower floor.
You have a pair of large antennae on your head. (SInv)
Your four strong arms can wield two-handed weapons with a shield.


Message History

You are too injured to fight recklessly!
You feel much better. Menkaure hits you but does no damage.
You hit Menkaure.
Menkaure is lightly damaged.
You block Menkaure's attack.
A mummy comes into view.
Menkaure barely misses you.
You hit Menkaure but do no damage.
Menkaure is lightly damaged.
Menkaure closely misses you.
You closely miss Menkaure.
Menkaure is lightly damaged.
You block Menkaure's attack.
Menkaure calls on the powers of darkness!
Your body is wracked with pain!
A mummy comes into view.
You slash Menkaure!
Menkaure is heavily damaged.
Menkaure hits you!
* * * LOW HITPOINT WARNING * * *
You block Menkaure's attack.
You feel very mighty all of a sudden. Menkaure hits you but does no damage.
You slash Menkaure!
Menkaure is severely damaged.
You block Menkaure's attack.
Menkaure calls on the powers of darkness!
Your body is wracked with pain!
* * * LOW HITPOINT WARNING * * *
You slash Menkaure!
You destroy Menkaure!
Your Axes skill increases to level 5!
You have reached level 6!
Your experience leads to an increase in your attributes!
Increase (S)trength, (I)ntelligence, or (D)exterity?
You feel stronger.
You slash the mummy!
The mummy is almost destroyed.
The mummy hits you!
You die...

##..##..##..####..##..##..##
#..##..##..## ##..##..##..##
..##..##{.## ##J.##{.##..##
.##..##^.## ##..##..##..##
##J.##..## ##^.##.^##..##
#.{##..## ##..##.^##.^## .{##^^##
##..##..##..#
.##^.##############M'##..##{{##..
##......^^......@MM..^##..##..##.
#########################..##^.##
........^.......J...........##..#
###############################.J
..........^^.......{.............
#################################


You could see 3 mummies.

Vanquished Creatures
  Menkaure (Ossuary)
  A human zombie (D:4)
  3 gnolls (D:3)
  A dart slug (D:3)
  4 orcs (D:3)
  4 giant cockroaches
  4 gnoll zombies (Ossuary)
  3 goblins (D:1)
  A hobgoblin (D:2)
  8 jackals
  2 quokkas
  2 ball pythons
  4 bats
  A frilled lizard (D:1)
  2 gnoll skeletons (Ossuary)
  A goblin skeleton (Ossuary)
  3 hobgoblin skeletons (Ossuary)
  A hobgoblin zombie (Ossuary)
  3 kobolds
  A kobold zombie (Ossuary)
  An orc skeleton (Ossuary)
  An orc zombie (Ossuary)
  2 rats
  A rat skeleton (Ossuary)
  6 rat zombies
61 creatures vanquished.

Vanquished Creatures (others)
  A jelly (Ossuary)
  A centaur skeleton (D:4)
  A howler monkey skeleton (D:4)
  2 worms
  A dart slug (D:1)
  2 ball pythons
  6 endoplasms
  2 goblins
  3 hobgoblins
  A quokka (D:1)
  3 bats
  2 frilled lizards (D:3)
  5 gnoll skeletons (Ossuary)
  3 goblin skeletons (Ossuary)
  4 goblin zombies (Ossuary)
  2 hobgoblin skeletons (Ossuary)
  3 hobgoblin zombies (Ossuary)
  3 kobolds
  3 kobold skeletons (Ossuary)
  2 kobold zombies (Ossuary)
  An orc skeleton (Ossuary)
  5 orc zombies (Ossuary)
  2 rats (D:1)
  3 rat skeletons (Ossuary)
61 creatures vanquished.

Grand Total: 122 creatures vanquished

Notes
Turn   | Place    | Note
-------+----------+-------------------------------------------
     0 | D:1      | Delamore the Formicid Fighter began the quest for the Orb.
     0 | D:1      | Reached XP level 1. HP: 18/18 MP: 1/1
   192 | D:1      | Found a faded altar of an unknown god.
   203 | D:1      | Became a worshipper of Jiyva Jiciad the Shapeless
   203 | D:1      | Reached * piety under Jiyva
   268 | D:1      | Reached XP level 2. HP: 24/24 MP: 2/2
  1185 | D:2      | Reached ** piety under Jiyva
  1213 | D:2      | Reached XP level 3. HP: 30/30 MP: 3/3
  1225 | D:2      | Reached skill level 3 in Axes
  1843 | D:3      | Reached XP level 4. HP: 21/37 MP: 4/4
  2319 | D:4      | Found a sand-covered staircase.
  2335 | D:4      | Reached skill level 4 in Axes
  2335 | D:4      | Reached XP level 5. HP: 28/42 MP: 5/5
  2338 | Ossuary  | Entered an ossuary
  2733 | Ossuary  | Noticed Menkaure
  2745 | Ossuary  | Killed Menkaure
  2746 | Ossuary  | Reached skill level 5 in Axes
  2746 | Ossuary  | Reached XP level 6. HP: 6/50 MP: 6/6
  2746 | Ossuary  | Mangled by a mummy

Illustrated notes

Levels and vault maps discovered:
D:1:      onia_arrival_handbag, layout_basic,
          ebering_ecumenical_altar_sacrificial
D:2:      layout_loops_ring
D:3:      layout_rooms
D:4:      layout_loops_ring, enter_ossuary_3
Ossuary:  ossuary_due_pyramid

Skill      XL: |  1  2  3  4  5 |
---------------+----------------+-----
Axes           | 3 4 5 |  5.2
Fighting       | 4 |  4.9
Armour         | |  3.2
Shields        | |  3.6

Action                   |  1- 3 |  4- 6 || total
-------------------------+-------+-------++-------
Melee: War axe           |    98 |    64 ||   162
 Abil: Dig               |       |     2 ||     2
  Use: Scroll            |     1 |     1 ||     2
       Potion            |       |     2 ||     2
Armor: Scale mail        |    57 |    20 ||    77
Dodge: Dodged            |    36 |    15 ||    51
Block: Kite shield       |    56 |    20 ||    76

Table legend: (Time is in decaauts)
 A = Elapsed time spent in this place.
 B = Non-inter-level travel time spent in this place.
 C = Inter-level travel time spent in this place.
 D = Time resting spent in this place.
 E = Time spent auto-exploring this place.
 F = Levels seen in this place.
 G = Mean time per level.
                   A        B        C        D        E       F      G
               +--------+--------+--------+--------+--------+-----+--------+
         Total |   2827 |   2747 |     80 |    121 |   2201 |   5 |  565.4 |
       Dungeon |   2399 |   2319 |     80 |    121 |   1889 |   4 |  599.8 |
       Ossuary |    428 |    428 |      0 |      0 |    312 |   1 |  428.0 |
               +--------+--------+--------+--------+--------+-----+--------+

Top non-repeatable levels by time:
     D:1: 906 daAuts
     D:3: 733 daAuts
     D:2: 672 daAuts
 Ossuary: 428 daAuts
     D:4: 86 daAuts
